Map: Emerald City LE

Players

qqq - Winner!

  • Race: Zerg Zerg

Massa - Winner!

  • Race: Terran Terran
  • League: Platinum

EasterLeg

  • Race: Terran Terran

ZigZag

  • Race: Protoss Protoss
  • League: Platinum

VOD

Have the link to the VOD?

Description

Time

  • Played on: April 10, 2021, 5:23 p.m.
  • Length: 15:06
Show
View Real Time Build Order
Export as new Build Order

qqq Zerg - Winner!

Build Orders: Hatch First, Brood Lord Corruptor 

Get SALT Encoding   

  12  0:04  Drone  
  13  0:11  Drone  
  14  0:17  Overlord  
  14  0:52  Hatchery  
  14  0:55  Drone x2  
  14  0:56  Drone  
  16  1:12  Drone  
  17  1:21  Spawning Pool  
  17  1:22  Extractor  
  15  1:30  Drone x2  
  17  1:42  Drone  
  18  1:50  Drone  
  19  2:02  Drone  
  20  2:10  Queen x2  
  20  2:13  Overlord  
  24  2:19  Drone  
  25  2:23  Drone x2  
  25  2:29  Drone  
  27  2:52  Drone x4  
  27  2:55  Metabolic Boost  
  31  3:05  Drone  
  31  3:07  Drone  
  31  3:09  Drone  
  34  3:13  Hatchery  
  34  3:16  Evolution Chamber  
  34  3:17  Zergling x2  
  34  3:18  Zergling x2  
  34  3:22  Drone  
  34  3:26  Overlord  
  35  3:28  Drone  
  36  3:39  Overlord  
  36  3:41  Lair  
  36  3:45  Zerg Melee Weapons Level 1  
  36  3:46  Zergling x2  
  36  3:47  Zergling x2  
  38  3:49  Zergling x2  
  38  3:51  Zergling x2  
  40  3:56  Zergling x4  
  40  3:59  Zergling x4  
  40  4:01  Zergling x2  
  45  4:03  Zergling x2  
  45  4:05  Zergling x2  
  45  4:07  Zergling x2  
  48  4:11  Overlord  
  48  4:13  Zergling x2  
  49  4:19  Zergling x4  
  51  4:31  Zergling x2  
  51  4:32  Drone x2, Zergling x8  
  56  4:41  Zergling x6  
  56  4:45  Spore Crawler  
  56  4:48  Queen  
  58  5:01  Drone x4  
  62  5:08  Spore Crawler  
  61  5:15  Drone x2  
  61  5:16  Drone  
  61  5:18  Spore Crawler  
  44  5:39  Drone x6  
  44  5:40  Drone x4  
  44  5:42  Extractor  
  52  5:43  Extractor  
  52  5:45  Spire  
  52  5:48  Extractor, Drone x2  
  52  5:49  Drone x2  
  53  5:54  Queen  
  55  6:17  Drone x5  
  55  6:18  Drone x5  
  65  6:22  Overlord x2  
  65  6:34  Overlord  
  65  6:35  Overlord  
  65  6:42  Hatchery  
  64  6:54  Overlord  
  64  6:55  Drone x2  
  64  6:56  Drone x6  
  64  6:57  Drone  
  64  6:59  Extractor x2  
  71  7:03  Zerg Flyer Armor Level 1  
  71  7:05  Mutalisk  
  71  7:06  Mutalisk  
  71  7:07  Mutalisk  
  77  7:17  Mutalisk x3  
  77  7:19  Corruptor  
  85  7:29  Queen, Corruptor  
  87  7:33  Drone x2  
  87  7:34  Drone x3  
  94  7:37  Mutalisk  
  94  7:41  Corruptor  
  98  7:46  Overseer  
  98  7:55  Drone x2  
  98  7:56  Drone  
  101  8:00  Drone x2  
  101  8:01  Drone, Corruptor  
  101  8:02  Corruptor x2  
  110  8:08  Drone  
  110  8:09  Overlord x3  
  111  8:18  Spore Crawler  
  110  8:21  Mutalisk, Spire  
  110  8:23  Overlord x2  
  110  8:27  Extractor x2, Overlord  
  110  8:33  Mutalisk x2, Zergling x2  
  112  8:35  Drone  
  115  8:45  Infestation Pit  
  115  8:47  Mutalisk  
  116  8:49  Corruptor  
  118  8:55  Overseer  
  118  8:57  Zerg Flyer Weapons Level 1  
  116  9:15  Drone x2  
  116  9:16  Drone x3  
  119  9:18  Corruptor x2  
  119  9:19  Overlord x2  
  119  9:20  Mutalisk x2  
  124  9:50  Mutalisk x3, Hive  
  124  9:52  Zergling x8  
  134  9:53  Zergling x24  
  146  10:05  Spine Crawler  
  145  10:08  Spine Crawler  
  145  10:10  Spine Crawler  
  145  10:13  Mutalisk, Hydralisk Den  
  145  10:14  Mutalisk x2  
  142  10:15  Overlord x5  
  142  10:16  Overlord x2  
  148  10:23  Mutalisk x2  
  151  10:29  Zerg Flyer Armor Level 2  
  150  10:37  Hatchery  
  142  10:58  Corruptor x2  
  142  10:59  Mutalisk x2  
  142  11:00  Zergling x6, Overlord x2  
  142  11:01  Zergling x8  
  157  11:06  Greater Spire  
  157  11:10  Drone x2  
  159  11:22  Queen  
  161  11:34  Overlord x2  
  161  11:36  Corruptor x2  
  152  11:59  Mutalisk x3  
  152  12:00  Mutalisk, Corruptor x5  
  152  12:01  Corruptor  
  167  12:10  Overlord x3  
  167  12:12  Mutalisk x3  
  167  12:15  Corruptor x2  
  173  12:21  Zerg Flyer Weapons Level 2  
  165  13:30  Mutalisk x2  
  165  13:31  Mutalisk x4  
  173  13:38  Brood Lord x7  
  173  13:39  Zergling x2  
  173  13:40  Zergling x10  
  191  14:05  Mutalisk  
  191  14:06  Mutalisk x5  
  177  14:24  Mutalisk  
  177  14:25  Mutalisk x3  
  183  14:37  Zergling x4  
  183  14:38  Drone x3, Zergling x8  
  190  14:43  Extractor  
  190  14:45  Extractor  
Show
View Real Time Build Order
Export as new Build Order

Massa Terran - Winner!

Build Orders:  

Get SALT Encoding   

  12  0:00  SCV  
  13  0:12  SCV  
  14  0:21  Supply Depot  
  14  0:25  SCV  
  15  0:43  SCV  
  15  0:44  Barracks  
  15  0:47  Refinery  
  16  0:55  SCV  
  17  1:07  SCV  
  18  1:19  SCV  
  19  1:31  Reaper, SCV  
  21  1:41  Command Center  
  21  1:49  SCV  
  21  1:53  Supply Depot  
  22  2:12  Factory  
  22  2:20  Refinery, Orbital Command  
  22  2:30  Barracks Reactor  
  22  2:47  SCV  
  23  2:56  Starport  
  23  2:59  Orbital Command  
  23  3:13  SCV  
  23  3:15  Barracks Reactor  
  24  3:20  Engineering Bay  
  24  3:22  Hellion x2  
  24  3:25  SCV  
  30  3:27  SCV  
  30  3:37  SCV  
  30  3:39  SCV  
  32  3:58  Marine  
  32  3:59  Medivac  
  32  4:00  Liberator  
  32  4:02  Hellion x2  
  42  4:31  Marine  
  42  4:33  Widow Mine  
  42  4:35  SCV  
  46  4:40  Supply Depot  
  46  4:41  Supply Depot x2  
  46  4:42  Supply Depot  
  46  4:57  Missile Turret  
  46  4:58  Terran Infantry Weapons Level 1  
  46  5:00  SCV  
  46  5:02  Widow Mine, SCV, Marine  
  47  5:12  SCV  
  39  5:20  Marine  
  39  5:26  SCV  
  39  5:27  SCV  
  41  5:37  Marine  
  41  5:39  SCV  
  41  5:40  Widow Mine x2  
  41  6:15  Medivac x2  
  41  6:17  Barracks Reactor  
  45  6:19  Widow Mine x2, SCV x2  
  51  6:31  SCV  
  52  6:37  Missile Turret  
  52  6:45  Barracks  
  52  6:48  Barracks  
  52  6:57  Terran Infantry Armor Level 1  
  52  7:00  Barracks  
  52  7:14  Medivac  
  54  7:16  Widow Mine, SCV  
  54  7:17  SCV  
  54  7:20  Marine x2  
  60  7:25  Refinery  
  60  7:27  Refinery  
  60  7:29  SCV x2  
  62  7:30  Command Center  
  62  7:35  Medivac  
  64  7:38  Barracks Tech Lab, Marine x2  
  64  7:41  SCV  
  67  7:45  Barracks  
  67  7:48  Command Center  
  67  7:49  Barracks Reactor  
  67  7:51  Barracks Tech Lab  
  65  8:16  SCV x2  
  67  8:25  Marine x2  
  67  8:26  Marauder, Marine  
  67  8:27  Marauder, Marine  
  74  8:28  SCV  
  74  8:29  SCV  
  77  8:42  Widow Mine x2  
  77  8:43  Marine x2  
  77  8:44  Marine  
  77  8:47  Supply Depot  
  77  8:48  Marauder x2, Supply Depot  
  88  8:51  Supply Depot  
  88  8:58  Barracks Reactor  
  88  8:59  Supply Depot  
  88  9:03  Widow Mine  
  88  9:04  Armory  
  88  9:07  Orbital Command  
  90  9:20  SCV x2  
  92  9:29  Widow Mine  
  92  9:30  Widow Mine, Medivac x2  
  92  9:31  Marauder, Marine x2  
  102  9:32  SCV x2  
  102  9:33  SCV  
  105  10:10  Planetary Fortress  
  105  10:13  Missile Turret  
  105  10:14  SCV x3  
  102  10:26  SCV x2  
  102  10:27  SCV  
  105  10:29  Stimpack  
  105  10:30  Combat Shield  
  105  10:36  Terran Infantry Weapons Level 2  
  105  10:38  SCV x2  
  105  10:39  SCV  
  108  10:44  Starport  
  108  10:46  Terran Vehicle And Ship Armor Level 1  
  108  10:47  Starport, Barracks  
  108  10:49  SCV  
  109  10:50  SCV x2  
  109  10:51  Refinery, SCV  
  109  10:52  Refinery  
  112  11:14  SCV x2  
  112  11:15  SCV  
  115  11:28  SCV  
  115  11:29  SCV  
  115  11:31  Marauder  
  115  11:32  Marauder, Marine x6  
  125  11:35  Command Center  
  127  11:40  Starport Tech Lab  
  127  11:41  Starport Tech Lab  
  127  11:49  Barracks Tech Lab, Concussive Shells  
  127  11:50  Factory Tech Lab, Marine x2  
  127  11:53  Marauder x2  
  133  11:56  Starport  
  133  12:10  Fusion Core  
  133  12:13  Engineering Bay  
  133  12:14  Marauder  
  132  12:17  SCV x4  
  136  12:29  SCV x2  
  138  12:30  Raven, Supply Depot x2  
  138  12:31  Raven, Corvid Reactor, Supply Depot  
  138  12:34  Supply Depot  
  140  12:46  Thor  
  146  12:53  Supply Depot  
  146  12:54  Supply Depot  
  146  12:56  Supply Depot  
  146  13:00  Supply Depot  
  146  13:03  SCV x2  
  146  13:04  SCV x2, Marauder, Marine  
  146  13:05  Marauder, Marine x3  
  158  13:12  Raven  
  158  13:14  Raven  
  158  13:18  Supply Depot  
  162  13:20  Supply Depot  
  162  13:22  Supply Depot  
  162  13:25  Marine x2  
  162  13:26  Marauder x2, Marine x3  
  162  13:27  Supply Depot  
  176  13:37  Marine  
  176  13:41  Liberator x3  
  173  13:47  Marauder x2  
  165  13:55  Liberator  
  165  13:56  Liberator  
  171  14:07  Planetary Fortress  
  171  14:09  Marauder x2  
  156  14:10  Missile Turret  
  156  14:11  Missile Turret  
  156  14:12  Marine, Missile Turret  
  156  14:14  Factory Tech Lab  
  156  14:15  Missile Turret  
  123  14:30  Marauder x2  
  119  14:31  Command Center  
  119  14:36  SCV x3  
  122  14:40  Factory  
  122  14:47  SCV  
  122  14:48  SCV x3  
  122  14:51  Refinery  
  122  14:52  Refinery  
Show
View Real Time Build Order
Export as new Build Order

EasterLeg Terran 

Build Orders:  

Get SALT Encoding   

  12  0:00  SCV  
  13  0:12  SCV  
  14  0:18  Supply Depot  
  14  0:25  SCV  
  15  0:40  SCV  
  15  0:41  Barracks  
  16  0:45  Refinery  
  16  0:50  Refinery  
  16  0:54  SCV  
  17  1:06  SCV  
  18  1:31  SCV  
  18  1:43  Orbital Command  
  18  1:54  Command Center  
  18  2:09  SCV  
  18  2:17  Factory  
  18  2:22  SCV  
  19  2:36  SCV  
  20  2:44  Marine  
  20  2:48  SCV  
  22  2:59  Engineering Bay  
  22  3:00  SCV  
  22  3:02  Starport  
  22  3:05  Marine  
  24  3:12  SCV  
  25  3:14  Factory Tech Lab  
  25  3:24  SCV  
  25  3:26  Barracks Tech Lab  
  26  3:29  Terran Infantry Weapons Level 1  
  26  3:36  SCV  
  26  3:37  Orbital Command  
  26  3:39  Siege Tank  
  30  3:48  SCV  
  30  3:53  Marauder, Stimpack  
  33  3:58  Starport Reactor  
  33  4:01  SCV  
  34  4:05  Refinery  
  34  4:15  Siege Tank  
  37  4:20  SCV  
  38  4:28  Engineering Bay  
  38  4:34  Refinery  
  38  4:35  Command Center  
  38  4:45  Supply Depot  
  38  4:47  Supply Depot  
  38  4:56  Armory  
  38  5:01  Terran Infantry Armor Level 1  
  38  5:07  SCV x2, Marine  
  41  5:15  Siege Tank  
  41  5:19  SCV x2  
  39  5:29  Marine  
  39  5:31  Viking  
  39  5:47  Marine  
  40  5:56  Barracks  
  40  5:57  SCV  
  40  6:02  SCV  
  43  6:06  Orbital Command  
  43  6:11  SCV  
  42  6:18  Terran Infantry Weapons Level 2  
  42  6:22  Marine  
  43  6:26  Combat Shield  
  43  6:32  Barracks  
  43  6:40  Marine  
  43  6:42  Siege Tank  
  43  6:43  Medivac x2  
  43  6:45  SCV  
  52  6:52  SCV  
  53  6:57  Barracks Reactor, SCV  
  53  6:58  Marine  
  55  7:04  SCV  
  56  7:09  SCV  
  56  7:15  Marine, Siege Tank  
  60  7:16  SCV  
  60  7:18  Medivac  
  60  7:19  Orbital Command  
  60  7:20  Medivac  
  66  7:27  Command Center  
  66  7:39  Marine x3  
  69  8:00  Terran Infantry Armor Level 2, Supply Depot  
  69  8:01  Supply Depot x2  
  69  8:02  Supply Depot  
  69  8:03  Supply Depot  
  69  8:21  Terran Vehicle Weapons Level 1  
  69  8:22  SCV x2, Barracks, Marine, Medivac, Siege Tank  
  69  8:23  Barracks x2  
  78  8:27  SCV  
  78  8:34  SCV x2  
  78  8:39  SCV  
  81  8:46  SCV x2, Medivac  
  81  8:47  Orbital Command  
  85  8:50  Barracks Reactor  
  85  8:51  SCV  
  85  8:52  Medivac  
  85  8:53  Marine  
  85  8:54  Marine x2  
  91  8:58  SCV x2  
  93  9:03  SCV  
  93  9:07  Terran Infantry Weapons Level 3  
  94  9:10  SCV x2  
  94  9:15  Barracks Reactor x3, SCV x2  
  91  9:17  Missile Turret  
  91  9:18  Missile Turret  
  91  9:22  SCV x2  
  91  9:23  Missile Turret  
  93  9:26  Missile Turret  
  93  9:32  Orbital Command  
  85  9:45  Marine x4  
  82  9:46  Marine  
  82  9:51  Marine x3  
  82  9:52  Marine x3  
  88  10:03  Marine x5, Siege Tank  
  95  10:16  Hi-Sec Auto Tracking  
  95  10:23  SCV x3  
  99  10:35  SCV x2  
  100  10:38  Command Center  
  100  10:39  Marine x3  
  100  10:40  Refinery x2, Marine x3  
  106  11:02  Marine x3  
  106  11:03  Marine x8  
  117  11:08  Siege Tank  
  120  11:14  Supply Depot  
  120  11:18  Supply Depot  
  120  11:31  Marine x4  
  124  11:35  Marine x6  
  122  12:01  Command Center  
  115  12:41  Marine x7  
  122  13:03  Marine x5  
  125  13:07  Orbital Command, Supply Depot  
  125  13:08  Supply Depot  
  125  13:09  Marine  
  125  13:10  Supply Depot x2  
  125  13:11  Supply Depot  
  125  13:12  Orbital Command, Marine x2  
  127  13:14  Command Center  
  127  13:16  Command Center  
  113  13:29  Marine  
  113  13:30  Marine x2  
  103  13:42  Marine  
  103  13:43  Marine  
  95  13:49  Marine x2  
  84  14:02  Marine x3  
  76  14:06  Marine  
Show
View Real Time Build Order
Export as new Build Order

ZigZag Protoss 

Build Orders: 1 Gate Expand, Oracle Opening 

Get SALT Encoding   

  12  0:00  Probe  
  13  0:12  Probe  
  14  0:19  Pylon  
  14  0:25  Probe  
  15  0:37  Gateway  
  15  0:39  Assimilator  
  15  0:43  Probe  
  16  0:55  Probe  
  17  1:18  Nexus  
  17  1:21  Probe  
  18  1:33  Probe (Chrono Boost)  
  18  1:39  Cybernetics Core  
  19  1:45  Probe (Chrono Boost)  
  20  1:52  Assimilator  
  20  1:53  Probe (Chrono Boost)  
  21  1:59  Pylon  
  22  2:15  Probe  
  22  2:21  Adept (Chrono Boost)  
  24  2:23  Stargate  
  24  2:25  Warp Gate  
  24  2:33  Probe (Chrono Boost)  
  24  2:34  Probe (Chrono Boost)  
  26  2:46  Probe x2 (Chrono Boost)  
  28  2:52  Probe x2 (Chrono Boost)  
  28  2:57  Gateway  
  30  2:59  Adept  
  30  3:00  Probe  
  30  3:03  Probe  
  34  3:08  Oracle (Chrono Boost)  
  37  3:14  Probe  
  37  3:19  Probe  
  39  3:26  Probe  
  40  3:29  Adept  
  40  3:31  Probe  
  43  3:35  Oracle (Chrono Boost)  
  43  3:40  Pylon  
  46  3:50  Robotics Facility  
  46  3:58  Probe x2, Pylon  
  48  4:10  Probe x2  
  48  4:14  Gateway  
  48  4:15  Assimilator  
  50  4:23  Probe x2  
  51  4:28  Stalker x2  
  55  4:34  Pylon  
  55  4:35  Probe x2  
  55  4:37  Assimilator  
  57  4:49  Immortal  
  61  4:57  Gateway  
  61  4:58  Forge  
  53  5:18  Probe x2  
  55  5:23  Stalker x2  
  55  5:24  Stalker  
  58  5:47  Probe x2  
  60  5:51  Protoss Ground Weapons Level 1 (Chrono Boost)  
  60  5:54  Gateway  
  60  5:55  Gateway  
  60  5:57  Gateway  
  60  5:58  Pylon, Robotics Bay  
  60  5:59  Probe, Shield Battery  
  60  6:00  Immortal  
  61  6:13  Probe (Chrono Boost)  
  61  6:15  Probe (Chrono Boost)  
  65  6:25  Probe (Chrono Boost)  
  65  6:30  Probe (Chrono Boost)  
  65  6:31  Probe (Chrono Boost)  
  66  6:34  Nexus  
  66  6:37  Probe  
  67  6:54  Probe  
  68  6:55  Colossus (Chrono Boost)  
  74  7:01  Probe  
  74  7:03  Twilight Council  
  74  7:06  Probe, Pylon  
  74  7:08  Gateway, Extended Thermal Lance (Chrono Boost)  
  76  7:13  Probe  
  77  7:18  Probe  
  77  7:19  Pylon  
  77  7:20  Pylon  
  77  7:21  Pylon  
  78  7:28  Zealot x2  
  82  7:33  Probe x2  
  84  7:39  Photon Cannon  
  84  7:40  Shield Battery  
  84  7:42  Protoss Ground Armor Level 1 (Chrono Boost)  
  84  7:45  Probe  
  84  7:46  Probe x2  
  87  7:53  Colossus  
  87  8:01  Probe  
  94  8:14  Probe x3  
  97  8:25  Assimilator  
  97  8:26  Probe x3  
  100  8:32  Templar Archives, Charge (Chrono Boost)  
  100  8:38  Probe  
  100  8:40  Zealot x3  
  107  8:42  Colossus  
  107  8:45  Probe x2  
  107  8:47  Assimilator  
  115  8:54  Photon Cannon  
  115  8:57  Pylon  
  115  9:00  Pylon  
  115  9:01  Forge  
  115  9:05  Probe  
  116  9:21  Phoenix (Chrono Boost)  
  118  9:27  Stargate, Nexus  
  118  9:28  Stargate  
  118  9:32  Stalker x2  
  118  9:35  Stalker  
  118  9:37  Phoenix  
  121  9:48  Stalker  
  121  9:49  Stalker x3  
  127  9:56  Stalker  
  129  10:03  Phoenix  
  131  10:07  Stalker  
  131  10:11  Probe x2  
  135  10:17  Psionic Storm  
  135  10:19  Probe  
  136  10:24  Phoenix x2  
  140  10:42  Stalker x4  
  126  11:00  Phoenix x3  
  126  11:03  Probe x2  
  134  11:04  Probe  
  134  11:08  Probe  
  136  11:14  Pylon  
  136  11:20  Pylon  
  136  11:21  Observer  
  137  11:25  Phoenix  
  137  11:30  Probe (Chrono Boost)  
  137  11:32  Probe (Chrono Boost)  
  143  11:33  Probe x2 (Chrono Boost)  
  144  11:41  Probe (Chrono Boost)  
  144  11:42  Probe (Chrono Boost)  
  144  11:43  Probe x2 (Chrono Boost)  
  147  11:47  Phoenix x2  
  151  12:00  Probe  
  152  12:05  Phoenix  
  154  12:12  Phoenix  
  156  12:20  Pylon  
  156  12:22  Pylon  
  156  12:26  Pylon  
  156  12:28  Pylon  
  156  12:32  Probe x3  
  156  12:33  Phoenix  
  155  12:41  Phoenix x2  
  155  12:44  Probe x3  
  139  13:06  Blink (Chrono Boost)  
  139  13:09  Phoenix x3  
  139  13:12  Stalker x5  
  147  13:34  Phoenix  
  147  13:36  Phoenix x2  
  147  13:59  Phoenix  
  147  14:02  Phoenix x2  
  141  14:18  Stalker x2  
  141  14:19  Stalker x2  
  141  14:20  Stalker x4  
  151  14:24  Phoenix (Chrono Boost)  
  151  14:27  Phoenix (Chrono Boost)  
  151  14:34  Phoenix (Chrono Boost)  
  153  14:44  Phoenix (Chrono Boost)  
Tags
 
Add a new tag
Caveats
  • Supply blocks, unpowered buildings, or Contaminate may cause inaccurate times.
  • Supply counts are checked every 10 seconds.